 Dungeon Crawl Stone Soup version 0.22.1-6-g1668fe2c40 (webtiles) character file.

507 Naru the Poker (level 7, 0/60 HPs)
             Began as a Hill Orc Monk on Feb 3, 2019.
             Was a Believer of Beogh.
             Slain by a wight
             ... wielding a +0 halberd
              (1 damage)
             ... on level 5 of the Dungeon.
             The game lasted 00:19:35 (4817 turns).

Naru the Poker (Hill Orc Monk)                      Turns: 4817, Time: 00:19:36

Health: 0/60       AC:  8    Str: 16    XL:     7   Next: 18%
Magic:  8/8        EV:  9    Int: 10    God:    Beogh [**....]
Gold:   220        SH:  0    Dex: 13    Spells: 6/6 levels left

rFire    + . .     SeeInvis .   a - +0 halberd
rCold    . . .     Gourm    .   (shield currently unavailable)
rNeg     . . .     Faith    .   s - +0 scale mail
rPois    .         Spirit   .   o - +0 helmet
rElec    .         Reflect  .   (no cloak)
rCorr    .         Harm     .   f - +0 pair of gloves
MR       .....                  (no boots)
Stlth    ..........             (no amulet)
HPRegen  0.20/turn              m - ring of protection from fire
MPRegen  0.11/turn              y - ring of flight

@: heavily drained
A: no striking features
a: Smiting, Renounce Religion, Evoke Flight


You were on level 5 of the Dungeon.
You worshipped Beogh.
Beogh was pleased with you.
You were not hungry.

You visited 1 branch of the dungeon, and saw 5 of its levels.

You collected 220 gold pieces.

Inventory:

Hand Weapons
 a - a +0 halberd (weapon)
 b - a +0 hunting sling
 v - a +0 blowgun
 x - a +1 spear
Missiles
 h - 14 sling bullets
 l - 132 stones (quivered)
 q - 10 poisoned needles
Armour
 f - a +0 pair of gloves (worn)
 o - a +0 helmet (worn)
 s - a +0 scale mail (worn)
Jewellery
 m - a ring of protection from fire (left hand)
 u - an uncursed amulet of the gourmand {unknown}
 y - a ring of flight (right hand)
Scrolls
 d - a scroll of remove curse
 g - 4 scrolls of identify
 i - 2 scrolls of teleportation
 j - 2 scrolls of amnesia
Potions
 e - a potion of curing
 k - 4 potions of haste
 n - a potion of magic
 p - a potion of flight {unknown}
 r - a potion of heal wounds
 t - a potion of cancellation
Comestibles
 c - 2 rations


   Skills:
 + Level 4.8(3.0) Fighting
 * Level 7.5(5.6) Polearms
 + Level 1.5(0.0) Slings
 - Level 2.4(0.7) Dodging
 - Level 1.5(0.0) Stealth
 * Level 2.4(0.7) Invocations


You had 6 spell levels left.
You didn't know any spells.
Your spell library was empty.

Dungeon Overview and Level Annotations

Branches:
Dungeon (5/15)
 Temple: D:4-7

Altars:
Gozag
Ru

Annotations:
D:5 Eustachio


Message History

The wight completely misses you.
You puncture the wight!
You destroy the wight!
Beogh accepts your kill. The wight misses you.
You swing at nothing.
The wight barely misses you.
You swing at nothing.
The wight hits you from afar with a halberd.
* * * LOW HITPOINT WARNING * * *
Eustachio the Magnificent comes into view.
He is wielding a rapier of draining.
Eustachio shouts!
The wight closely misses you.
Items here: )) [[ a mace; a runed robe; an enchanted morningstar; a robe You hit the wight.
The wight is lightly damaged.
The wight hits you with a halberd!
* * * LOW HITPOINT WARNING * * *
You feel drained.
You die...

.# .# .# .#
##########.#
#..)@z.....####
#.####........#..
#.# #...........
#<# #..(@.......
........#
#...........
...##.#.#
#....(......
...#.#
#.####..(....g..
... #.# #.#
....o..... ...##
#.# ...
..........


You could see Eustachio and a wight.

Vanquished Creatures
  4 wights (D:5)
  A hound (D:5)
  A centaur skeleton (D:4)
  4 worker ants (D:4)
  An iguana (D:4)
  Robin (D:4)
  A gnoll (D:5)
  4 adders
  A worm (D:2)
  A dart slug (D:2)
  2 leopard geckos
  3 orcs
  5 giant cockroaches
  12 goblins
  13 hobgoblins
  8 jackals
  A quokka (D:2)
  3 ball pythons
  10 bats
  6 frilled lizards
  6 kobolds
  A leopard gecko skeleton (D:4)
  9 rats
98 creatures vanquished.

Notes
Turn   | Place    | Note
-------+----------+-------------------------------------------
     0 | D:1      | Naru the Hill Orc Monk began the quest for the Orb.
     0 | D:1      | Reached XP level 1. HP: 19/19 MP: 1/1
   402 | D:1      | Reached XP level 2. HP: 27/27 MP: 2/2
   597 | D:1      | Reached skill level 4 in Polearms
  1248 | D:2      | Reached XP level 3. HP: 33/33 MP: 3/3
  1663 | D:2      | Reached skill level 5 in Polearms
  1663 | D:2      | Reached XP level 4. HP: 35/40 MP: 4/4
  2351 | D:3      | Became a worshipper of Beogh the Brigand
  2351 | D:3      | Reached * piety under Beogh
  2351 | D:3      | Reached ** piety under Beogh
  3224 | D:4      | Found an opulent altar of Gozag.
  3254 | D:4      | Reached XP level 5. HP: 31/46 MP: 5/5
  3459 | D:4      | Reached skill level 6 in Polearms
  3496 | D:4      | Found a sacrificial altar of Ru.
  3896 | D:4      | Reached skill level 1 in Invocations
  3896 | D:4      | Reached XP level 6. HP: 47/53 MP: 6/6
  4167 | D:4      | Noticed Robin
  4194 | D:4      | Killed Robin
  4710 | D:5      | Entered Level 5 of the Dungeon
  4761 | D:5      | Reached skill level 7 in Polearms
  4770 | D:5      | Reached skill level 1 in Slings
  4806 | D:5      | Reached XP level 7. HP: 23/60 MP: 8/8
  4816 | D:5      | Noticed Eustachio
  4817 | D:5      | HP: 1/60 [wight/halberd (10)]
  4817 | D:5      | Slain by a wight

Skill      XL: |  1  2  3  4  5  6 |
---------------+-------------------+-----
Polearms       | 4 5 6 7 |  7.5
Fighting       | 4 |  4.8
Invocations    | 1 2 |  2.4
Slings         | 1 |  1.5
Dodging        | |  2.4
Stealth        | |  1.5

Action                   |  1- 3 |  4- 6 |  7- 9 || total
-------------------------+-------+-------+-------++-------
Melee: Spear             |   170 |   188 |       ||   358
       Halberd           |       |    42 |     8 ||    50
 Fire: Hunting sling     |       |    25 |       ||    25
Throw: Stone             |       |     3 |       ||     3
Invok: Convert to Beogh  |       |     1 |       ||     1
  Use: Scroll            |       |    12 |       ||    12
       Potion            |       |     2 |       ||     2
 Stab: Sleeping          |     1 |       |       ||     1
  Eat: Chunk             |     2 |     6 |       ||     8
       Ration            |       |     2 |       ||     2
Armor: Robe              |     8 |       |       ||     8
       Ring mail         |     1 |       |       ||     1
       Scale mail        |    59 |    71 |     4 ||   134
Dodge: Dodged            |   100 |   110 |     5 ||   215
